 Dungeon Crawl Stone Soup version 0.28.0-53-g5a82cb258f (webtiles) character file.

Game seed: 9304217386999418032

324 Peloso the Slasher (level 6, -1/53 HPs)
             Began as a Minotaur Fighter on May 27, 2022.
             Slain by Duvessa
             ... wielding a +0 short sword
              (6 damage)
             ... on level 4 of the Dungeon.
             The game lasted 00:04:49 (2989 turns).

Peloso the Slasher (Minotaur Fighter)               Turns: 2989, Time: 00:04:49

Health: -1/53      AC: 12    Str: 21    XL:     6   Next: 23%
Magic:  5/5        EV:  6    Int:  5    God:
Gold:   125        SH:  5    Dex: 11    Spells: 5/5 levels left

rFire   . . .      SeeInvis .   a - +1 long sword
rCold   . . .      Faith    .   c - +0 buckler
rNeg    . . .      Spirit   .   m - +0 plate armour
rPois   .          Reflect  .   (helmet restricted)
rElec   .          Harm     .   (no cloak)
rCorr   .          Rampage  .   (no gloves)
Will    +....                   (no boots)
Stlth   ..........              (no amulet)
HPRegen 0.17/turn               o - ring of willpower
MPRegen 0.09/turn               (no ring)

@: no status effects
A: horns 2, retaliatory headbutt
a: no special abilities


You were on level 4 of the Dungeon.
You visited 1 branch of the dungeon, and saw 4 of its levels.
You also visited: Sewer.

You collected 196 gold pieces.
You spent 71 gold pieces at shops.

Inventory:

Hand Weapons
 a - a +1 long sword (weapon)
Armour
 b - a +2 scale mail of willpower
 c - a +0 buckler (worn)
 m - a +0 plate armour (worn)
Jewellery
 o - a ring of willpower (left hand)
 p - an amulet of magic regeneration
Scrolls
 e - 2 scrolls of teleportation {unknown}
 f - 2 scrolls of enchant armour {unknown}
 h - a scroll of enchant weapon
 i - a scroll of blinking {unknown}
 k - 2 scrolls of fear {unknown}
 l - 2 scrolls of identify
 n - 2 scrolls of magic mapping
Potions
 d - a potion of might
 g - a potion of heal wounds
 j - a potion of invisibility {unknown}
 q - a potion of mutation {unknown}
 r - 2 potions of curing


   Skills:
 + Level 4.7 Fighting
 + Level 5.5 Long Blades
 + Level 5.2 Armour
 + Level 1.0 Dodging
 + Level 4.6 Shields


You had 5 spell levels left.
You didn't know any spells.
Your spell library contained the following spells:

 Spells                   Type           Power      Damage    Failure   Level
 Animate Skeleton         Necr           0%         N/A       100%        1
 Apportation              Tloc           0%         N/A       100%        1
 Summon Small Mammal      Summ           0%         N/A       100%        1


Dungeon Overview and Level Annotations

Branches:
Dungeon (4/15)              Sewer (visited)
 Temple: D:4-7

Altars:
Ashenzari
Qazlal
Sif Muna
Trog
Zin

Shops:
D:2 ?

Annotations:
D:4 Duvessa


Innate Abilities, Weirdness & Mutations

You have a pair of horns on your head.
You reflexively headbutt those who attack you in melee.


Message History

The orc is severely wounded.
The orc barely misses you. The orc hits you but does no damage.
You slash the orc!
You kill the orc!
You closely miss the orc. You block the orc's attack.
You hit the orc but do no damage. You headbutt the orc!
You kill the orc!
You hit the orc.
You kill the orc!
You hit the kobold.
You kill the kobold!
f - 2 scrolls labelled IPHO QYCZU (gained 1)
Items here: )))) [[[ †.
Items here: )))) [[[ †.
Okay, then.
There is a stone staircase leading down here.
Duvessa, Sister of Dowan comes into view.
She is wielding a +0 short sword.
Duvessa shouts!
Duvessa goes berserk!
You see here a +0 pair of boots.
You block Duvessa's attack.
You hit Duvessa but do no damage. Your headbutt misses Duvessa.
Duvessa hits you with a +0 short sword! Duvessa hits you with a +0 short sword.
You hit Duvessa but do no damage. You headbutt Duvessa.
Duvessa is lightly wounded.
Duvessa hits you with a +0 short sword! Duvessa hits you but does no damage.
You barely miss Duvessa.
Duvessa is lightly wounded.
Duvessa hits you with a +0 short sword!
* * * LOW HITPOINT WARNING * * *
You hit Duvessa.
Duvessa is lightly wounded.
Duvessa hits you with a +0 short sword.
* * * LOW HITPOINT WARNING * * *
Duvessa hits you with a +0 short sword.
* * * LOW HITPOINT WARNING * * *
You hit Duvessa.
Duvessa is moderately wounded.
Duvessa hits you but does no damage. Duvessa hits you with a +0 short sword.
You die...

.# ## .. # #..
.#. ##.## ...
##...##.#
####.......#.#
.......e.....#
..###...@.#
........[.#
#.####..#.####
#.#
#.####.........
#.#
#.........#####
#.#
##.##.....#####
#.#
...........)..#
#.#
#####.....###.#
#.# #..>..#
#.### #.#


You could see Duvessa (berserk).

Vanquished Creatures
  Pargi (Sewer)
  Dowan (D:4)
  A jelly (D:2)
  Jessica (D:3)
  2 adders (D:3)
  A worm (D:3)
  2 dart slugs
  5 orcs
  6 ball pythons
  12 endoplasms
  9 giant cockroaches
  11 goblins
  8 hobgoblins
  7 quokkas
  7 bats
  20 kobolds
  A rat (D:3)
95 creatures vanquished.

Vanquished Creatures (others)
  5 fungi (D:2)
  7 toadstools (D:2)
12 creatures vanquished.

Grand Total: 107 creatures vanquished

Notes
Turn   | Place    | Note
-------+----------+-------------------------------------------
     0 | D:1      | Peloso the Minotaur Fighter began the quest for the Orb.
     0 | D:1      | Reached XP level 1. HP: 19/19 MP: 0/0
   559 | D:1      | Reached XP level 2. HP: 27/27 MP: 1/1
  1015 | D:2      | Reached XP level 3. HP: 33/33 MP: 2/2
  1040 | D:2      | Reached XP level 4. HP: 18/40 MP: 3/3
  1375 | D:2      | Found a shimmering blue altar of Sif Muna.
  1444 | D:2      | Found Bex Jout's Magic Scroll Shop.
  1451 | D:2      | Bought a scroll of identify for 26 gold pieces
  1633 | D:2      | Bought a scroll of magic mapping for 45 gold pieces
  1675 | D:3      | Found a faded altar of an unknown god.
  1802 | D:3      | Found a glowing silver altar of Zin.
  1803 | D:3      | Found a broken altar of Ashenzari.
  1803 | D:3      | Found a stormy altar of Qazlal.
  1804 | D:3      | Found a bloodstained altar of Trog.
  2140 | D:3      | Reached XP level 5. HP: 47/47 MP: 4/4
  2145 | D:3      | Found a glowing drain.
  2158 | Sewer    | Entered a sewer
  2168 | Sewer    | Noticed Pargi
  2183 | Sewer    | Killed Pargi
  2184 | Sewer    | Reached skill level 5 in Armour
  2184 | Sewer    | Reached skill level 1 in Dodging
  2541 | D:3      | Noticed Jessica
  2548 | D:3      | Killed Jessica
  2549 | D:3      | Reached skill level 5 in Long Blades
  2549 | D:3      | Reached XP level 6. HP: 35/53 MP: 5/5
  2814 | D:4      | Noticed Dowan
  2831 | D:4      | Killed Dowan
  2981 | D:4      | Noticed Duvessa
  2989 | D:4      | Slain by Duvessa

Illustrated notes

Levels and vault maps discovered:
D:1:      minmay_arrival_nine_rooms, layout_basic
D:2:      cheibrodos_fertilizer, layout_basic, serial_shops,
          nicolae_shop_window_shopping, basic_altar
D:3:      cheibrodos_greedy_goblins, layout_rooms,
          chequers_temple_overflow_statue_of_worship,
          nicolae_ecumenical_snake_handling, gup_sewer_entry_pipe,
          minmay_misc_feat_rows, kennysheep_generic_room_9, uniq_jessica
D:4:      layout_loops_ring, uniq_duvessa, uniq_robin

Skill      XL: |  1  2  3  4  5 |
---------------+----------------+-----
Armour         | 4 5 |  5.2
Fighting       | 4 |  4.7
Shields        | 4 |  4.6
Long Blades    | 3 5 |  5.5
Dodging        | 1 |  1.0

Action                   |  1- 3 |  4- 6 || total
-------------------------+-------+-------++-------
Melee: Long sword        |    53 |   152 ||   205
       Headbutt          |     8 |    24 ||    32
  Use: Scroll            |     2 |       ||     2
       Potion            |     2 |       ||     2
Armor: Scale mail        |    33 |     2 ||    35
       Plate armour      |       |    95 ||    95
Dodge: Dodged            |    49 |    48 ||    97
Block: Buckler           |    20 |    41 ||    61
